 Dungeon Crawl Stone Soup version 0.24.0-2-g5b39cebb1c (webtiles) character file.

Game seed: 8147197920947386153, levelgen mode: deterministic

13831 Aviak the Cleaver (level 12, -5/108 HPs)
             Began as a Hill Orc Wanderer on Oct 30, 2019.
             Was a Believer of Qazlal.
             Slain by a skeletal warrior
             ... wielding a +0 battleaxe
             ... led by a skeletal warrior
              (14 damage)
             ... on level 11 of the Dungeon.
             The game lasted 00:20:08 (15196 turns).

Aviak the Cleaver (Hill Orc Wanderer)              Turns: 15196, Time: 00:20:09

Health: -5/108     AC: 15    Str: 19    XL:     12   Next: 10%
Magic:  18/18      EV:  7    Int: 18    God:    Qazlal [**....]
Gold:   164        SH: 15    Dex:  8    Spells: 11/11 levels left

rFire    . . .     SeeInvis +   G - +2 war axe (elec)
rCold    . . .     Gourm    .   b - +0 buckler
rNeg     . . .     Faith    .   m - -1 plate armour (curse)
rPois    .         Spirit   .   N - +0 helmet {SInv}
rElec    .         Reflect  +   (no cloak)
rCorr    .         Harm     .   (no gloves)
MR       .....                  E - +0 pair of boots
Stlth    ..........             y - +6 amulet of reflection
HPRegen  0.28/turn              x - ring of attention (curse)
MPRegen  0.16/turn              I - +3 ring of intelligence

@: no status effects
A: no striking features
a: Upheaval, Renounce Religion


You were on level 11 of the Dungeon.
You worshipped Qazlal.
Qazlal was pleased with you.
You were not hungry.

You visited 2 branches of the dungeon, and saw 12 of its levels.

You collected 618 gold pieces.
You spent 454 gold pieces at shops.

Inventory:

Hand Weapons
 G - a +2 war axe of electrocution (weapon)
Armour
 a - the +3 hat of Pondering {ponderous, MR+ MP+10 Int+5}
   (You took it off Gastronok on level 10 of the Dungeon)

   It affects your intelligence (+5).
   It affects your resistance to hostile enchantments.
   It affects your magic capacity (+10).
 b - a +0 buckler (worn)
 m - a cursed -1 plate armour (worn)
 E - a +0 pair of boots (worn)
 N - a +0 helmet of see invisible (worn)
Jewellery
 x - a cursed ring of attention (left hand)
 y - a +6 amulet of reflection (around neck)
 D - an uncursed amulet of regeneration
 I - a +3 ring of intelligence (right hand)
Wands
 e - a wand of random effects (14)
 s - a wand of disintegration (7)
 B - a wand of clouds (3)
 L - a wand of flame (62)
Scrolls
 i - 7 scrolls of identify
 j - 5 scrolls of enchant weapon
 k - 5 scrolls of enchant armour
 r - a scroll of fear
 t - 4 scrolls of remove curse
 u - a scroll of blinking {unknown}
 w - a scroll of fog {unknown}
 A - 6 scrolls of teleportation
 C - 2 scrolls of magic mapping
 F - 2 scrolls of amnesia {unknown}
Potions
 n - 3 potions of flight {unknown}
 z - 3 potions of brilliance
 H - a potion of degeneration {unknown}
 K - 2 potions of berserk rage {unknown}
 M - a potion of agility {unknown}
 P - 2 potions of mutation {unknown}
 Q - a potion of might
 T - a potion of magic {unknown}
Comestibles
 d - 12 rations


   Skills:
 + Level 10.8 Fighting
   Level 2.1 Long Blades
 + Level 11.0 Axes
 - Level 1.0 Throwing
 + Level 8.2 Armour
 - Level 4.4 Dodging
 + Level 10.0 Shields
   Level 3.0 Necromancy
 + Level 9.2 Invocations


You had 11 spell levels left.
You didn't know any spells.
Your spell library contained the following spells:

 Spells                   Type           Power        Failure   Level  Hunger
 Animate Skeleton         Necr           N/A          82%         1    ##.....
 Apportation              Tloc           #.....       99%         1    ##.....
 Confusing Touch          Hex            #.....       99%         1    ##.....
 Summon Small Mammal      Summ           #...         99%         1    ##.....


Dungeon Overview and Level Annotations

Branches:
Dungeon (11/15)            Temple (1/1) D:5             Orc (0/2) D:10
   Lair: D:8-11

Altars:
Ashenzari
Cheibriados
Dithmenos
Elyvilon
Fedhas
Gozag
Hepliaklqana
Kikubaaqudgha
Makhleb
Nemelex Xobeh
Okawaru
Qazlal
Ru
Sif Muna
Trog
Uskayaw
Vehumet
Wu Jian
Xom
Yredelemnul
Zin
The Shining One

Shops:
D:5 ?   D:6 (   D:8 =

Annotations:
D:6 1 runed translucent door, skk's ghost, novice NaTm


Message History

The puff of flame hits the skeletal warrior.
The skeletal warrior is severely damaged.
You closely miss the skeletal warrior.
The skeletal warrior is severely damaged.
You block the skeletal warrior's attack.
You hit the skeletal warrior but do no damage.
The skeletal warrior is severely damaged.
The skeletal warrior hits you with a +0 battleaxe!
* * * LOW HITPOINT WARNING * * *
Really walk into that dispersal trap?
You enter a dispersal trap!
The skeletal warrior blinks!
You blink.
The skeletal warrior hits you with a +0 battleaxe!
* * * LOW HITPOINT WARNING * * *
Really walk into that dispersal trap?
You enter a dispersal trap!
The skeletal warrior blinks! x2; You blink.
The skeletal warrior completely misses you.
Really walk into that dispersal trap?
You enter a dispersal trap!
The skeletal warrior blinks!
You blink.
The skeletal warrior hits you with a +0 battleaxe!
You die...

... ...# #.# .. #.##
#.# #. #.# #. #.# #.
#.########. # #.
#..........
####.#.######.#########
......)....§§.#
####.#z@§.§.○.#
##########


You could see a skeletal warrior.

Vanquished Creatures
  Gastronok (D:10)
  Harold (D:10)
  2 two-headed ogres
  Nergalle (D:10)
  3 skeletal warriors
  Joseph (D:8)
  A gargoyle (D:10)
  A troll (D:10)
  A meliai (shapeshifter) (D:11)
  2 hippogriffs
  A wyvern (D:9)
  A vampire (D:10)
  A yak (D:11)
  3 chaos spawn (D:8)
  A basilisk (D:11)
  Grum (D:10)
  3 hungry ghosts
  Menkaure (D:6)
  2 water moccasins
  An ice beast (D:10)
  2 orc warriors
  3 sky beasts
  A black bear (D:6)
  3 ogres
  2 phantoms (D:10)
  2 wolves (D:10)
  3 centaurs
  A big kobold (D:7)
  Blork the orc (D:5)
  3 bullfrogs
  A wyvern skeleton (D:11)
  3 scorpions
  2 troll zombies (D:10)
  5 jellies
  14 killer bees
  2 howler monkeys
  3 centaur zombies
  3 crimson imps
  3 bullfrog zombies
  2 quasits
  2 orc priests
  6 hounds
  6 orc wizards
  A centaur skeleton (D:8)
  A gnoll shaman (D:6)
  4 iguanas
  Natasha (thrice) (D:4)
  5 worker ants
  4 ogre zombies (D:10)
  A hound zombie (D:9)
  A howler monkey zombie (D:10)
  A worker ant zombie (D:7)
  12 adders
  3 gnolls (D:6)
  2 shadow imps
  9 oozes
  An adder zombie (D:9)
  3 adder skeletons
  5 worms
  4 dart slugs
  5 leopard geckos
  29 orcs
  8 giant cockroaches
  4 goblins
  9 hobgoblins
  7 jackals
  13 kobolds
  A ball python (D:5)
  6 bats
  5 frilled lizards
  A giant cockroach zombie (D:5)
  3 goblin zombies (D:10)
  2 hobgoblin skeletons (D:10)
  3 hobgoblin zombies (D:10)
  2 orc skeletons (D:10)
  9 orc zombies (D:10)
  4 rats
273 creatures vanquished.

Vanquished Creatures (others)
  A centaur (D:7)
1 creature vanquished.

Grand Total: 274 creatures vanquished

Notes
Turn   | Place    | Note
-------+----------+-------------------------------------------
     0 | D:1      | Aviak the Hill Orc Wanderer began the quest for the Orb.
     0 | D:1      | Aviak set off with the following items: a +0 club, a +0
                  | buckler, a +2 leather armour, a ration
     0 | D:1      | Reached XP level 1. HP: 16/16 MP: 1/1
   359 | D:1      | Reached XP level 2. HP: 17/24 MP: 2/2
  1046 | D:1      | Reached XP level 3. HP: 29/29 MP: 3/3
  2051 | D:2      | Reached XP level 4. HP: 37/37 MP: 4/4
  3172 | D:3      | Reached XP level 5. HP: 32/45 MP: 5/5
  3636 | D:3      | Noticed an angel
  3637 | D:3      | Found a glowing silver altar of Zin.
  3693 | D:4      | Noticed Natasha
  3703 | D:4      | Killed Natasha
  3773 | D:4      | Got an encrusted spear
  3774 | D:4      | Identified the +4 spear of Death's Door {protect, rN+++ MR-
                  | Int+3 Stlth+} (You found it on level 4 of the Dungeon)
  3832 | D:4      | Reached skill level 1 in Axes
  3832 | D:4      | Reached XP level 6. HP: 48/52 MP: 6/6
  3999 | D:4      | Noticed Natasha
  4021 | D:4      | Killed Natasha
  4152 | D:4      | Reached skill level 2 in Axes
  4184 | D:4      | Noticed Natasha
  4216 | D:4      | Killed Natasha
  4587 | D:5      | Entered Level 5 of the Dungeon
  4667 | D:5      | Noticed Blork the orc
  4681 | D:5      | Reached XP level 7. HP: 40/60 MP: 7/7
  4714 | D:5      | Killed Blork the orc
  4714 | D:5      | Reached skill level 3 in Axes
  5081 | D:5      | Found a staircase to the Ecumenical Temple.
  5125 | Temple   | Entered the Ecumenical Temple
  5349 | Temple   | Became a worshipper of Qazlal Stormbringer
  5720 | D:5      | Found a bloodstained altar of Trog.
  5961 | D:5      | Reached skill level 5 in Fighting
  6177 | D:5      | Found Esmitz's Magic Scroll Shoppe.
  6224 | D:5      | Bought a scroll of teleportation for 36 gold pieces
  6224 | D:5      | Bought a scroll of enchant weapon for 90 gold pieces
  6224 | D:5      | Bought a scroll of remove curse for 36 gold pieces
  6224 | D:5      | Bought 2 scrolls of magic mapping for 84 gold pieces
  6371 | D:6      | Reached skill level 4 in Axes
  6371 | D:6      | Reached skill level 5 in Shields
  6556 | D:6      | Reached XP level 8. HP: 69/69 MP: 8/8
  6932 | D:6      | Reached skill level 5 in Axes
  7079 | D:6      | Noticed skk's ghost (novice NaTm)
  7133 | D:6      | Found Konloeje's Antique Weapon Shoppe.
  7290 | D:6      | Reached skill level 1 in Armour
  7384 | D:6      | Noticed Menkaure
  7393 | D:6      | Killed Menkaure
  7916 | D:6      | Found a runed translucent door.
  8135 | D:7      | Reached skill level 6 in Axes
  8185 | D:7      | Reached * piety under Qazlal
  8189 | D:7      | Reached XP level 9. HP: 75/78 MP: 9/9
  8223 | D:7      | Found a white marble altar of Elyvilon.
  8263 | D:7      | Reached skill level 1 in Invocations
  8896 | D:8      | Found Nutreobina's Jewellery Boutique.
  8896 | D:8      | Noticed a two-headed ogre
  8974 | D:8      | Killed a two-headed ogre
  8974 | D:8      | Reached skill level 7 in Axes
  9089 | D:8      | Noticed Joseph
  9117 | D:8      | Killed Joseph
  9117 | D:8      | Reached XP level 10. HP: 51/88 MP: 11/13
  9355 | D:8      | Reached skill level 8 in Axes
  9355 | D:8      | Reached skill level 5 in Armour
  9588 | D:8      | Reached skill level 5 in Invocations
  9632 | D:8      | Found a shimmering altar of Xom.
  9633 | D:8      | Found the +7 mace of Variability {chain chaos}
  9678 | D:8      | HP: 4/90 [poisoned by a chaos spawn]
  9683 | D:8      | HP: 3/90 [poisoned by a chaos spawn]
  9690 | D:8      | HP: 2/90 [poisoned by a chaos spawn]
  9695 | D:8      | HP: 2/90 [poisoned by a chaos spawn]
  9700 | D:8      | HP: 2/90 [poisoned by a chaos spawn]
  9707 | D:7      | HP: 2/90 [poisoned by a chaos spawn]
 10199 | D:8      | Found an iron altar of Okawaru.
 10842 | D:6      | Bought a runed war axe for 208 gold pieces
 10939 | D:8      | Reached ** piety under Qazlal
 11880 | D:9      | Noticed a two-headed ogre
 11889 | D:9      | Killed a two-headed ogre
 11889 | D:9      | Reached skill level 9 in Axes
 12432 | D:10     | Entered Level 10 of the Dungeon
 12492 | D:10     | Noticed a gargoyle
 12497 | D:10     | Killed a gargoyle
 12590 | D:10     | Noticed Harold
 12608 | D:10     | Reached XP level 11. HP: 37/97 MP: 3/16
 12612 | D:10     | Killed Harold
 12762 | D:10     | Found a staircase to the Orcish Mines.
 13267 | D:10     | Got a fine tin amulet
 13402 | D:10     | Found a sacrificial altar of Ru.
 13403 | D:10     | Identified the amulet of Kodwin {Inacc Dex+2} (You found it
                  | on level 10 of the Dungeon)
 13580 | D:10     | Noticed Grum
 13591 | D:10     | Noticed Gastronok
 13599 | D:10     | Killed Grum
 13599 | D:10     | Reached skill level 10 in Axes
 13599 | D:10     | Reached skill level 10 in Fighting
 13609 | D:10     | Killed Gastronok
 13684 | D:10     | Noticed Nergalle
 13694 | D:10     | Killed Nergalle
 14121 | D:11     | Noticed a skeletal warrior
 14121 | D:11     | Noticed a skeletal warrior
 14122 | D:11     | Noticed a skeletal warrior
 14153 | D:10     | Killed a skeletal warrior
 14919 | D:11     | Noticed a seven-headed hydra
 15172 | D:11     | Noticed a skeletal warrior
 15178 | D:11     | Killed a skeletal warrior
 15178 | D:11     | Reached XP level 12. HP: 94/108 MP: 18/18
 15180 | D:11     | Reached skill level 11 in Axes
 15180 | D:11     | Reached skill level 10 in Shields
 15196 | D:11     | Slain by a skeletal warrior

Levels and vault maps discovered:
D:1:      eino_arrival_cavern_c, layout_basic, supply_closet_lemuel,
          minmay_box_of_dots
D:2:      layout_basic
D:3:      layout_loops_ring, zin_angel
D:4:      layout_basic, minmay_joined_circles, uniq_natasha
D:5:      layout_layer_cave, bloody_trog, minmay_temple_entry_arrows,
          serial_shops, nicolae_shop_stone, first_ration, uniq_blork_the_orc
D:6:      layout_basic, hellmonk_ghost_happy_afterlife, serial_shops,
          nicolae_shop_statue_plus, uniq_menkaure
D:7:      layout_gridville, overflow_temple_1_default
D:8:      layout_loops_cross, okawaru_gym_becter, serial_shops,
          nicolae_shop_stone, hangedman_little_slice_of_home, minmay_liquid_box,
          hangedman_decor_riveting, minmay_guarded_unrand_variability,
          uniq_joseph
D:9:      layout_stronghold
D:10:     layout_stronghold, zombieorc1_lemuel, nicolae_ru_the_path_less_chosen,
          uniq_gastronok, uniq_harold, uniq_grum, uniq_nergalle
D:11:     wad_statue_garden, layout_loops_ring, lair_entry_dummy, uniq_maurice
Temple:   dpeg_five_rooms_temple

Skill      XL: |  1  2  3  4  5  6  7  8  9 10 11 12 |
---------------+-------------------------------------+-----
Fighting       | 2 3 4 5 6 8 9 10 | 10.8
Dodging        | 2 3 4 |  4.4
Shields        | 2 3 4 5 6 7 8 9 10 | 10.0
Axes           | 1 2 4 6 7 9 10 11 | 11.0
Armour         | 2 4 6 8 |  8.2
Invocations    | 4 6 9 |  9.2
Long Blades    | |  2.1
Throwing       | |  1.0
Necromancy     | |  3.0

Action                   |  1- 3 |  4- 6 |  7- 9 | 10-12 || total
-------------------------+-------+-------+-------+-------++-------
Melee: Club              |    60 |       |       |       ||    60
       Whip              |    76 |       |       |       ||    76
       Short sword       |    65 |   190 |       |       ||   255
       Spear             |       |   114 |   405 |   166 ||   685
       War axe           |       |       |       |   328 ||   328
Invok: Upheaval          |       |       |       |     8 ||     8
Evoke: Wand              |       |     1 |    11 |     5 ||    17
  Use: Scroll            |       |     5 |     3 |     6 ||    14
       Potion            |       |     3 |     2 |     9 ||    14
 Stab: Sleeping          |       |     1 |     5 |       ||     6
       Distracted        |       |       |     1 |       ||     1
       Held in net/web   |       |       |       |     2 ||     2
  Eat: Chunk             |     4 |     9 |    18 |    10 ||    41
       Ration            |       |       |       |     4 ||     4
Armor: Leather armour    |    87 |   109 |   103 |    24 ||   323
       Skin              |       |       |    39 |       ||    39
       Plate armour      |       |       |       |   166 ||   166
Dodge: Dodged            |   142 |   163 |   181 |   129 ||   615
Block: Buckler           |    38 |    59 |   126 |   339 ||   562
       Reflection        |       |       |    11 |    12 ||    23
